3077 views
Uploaded 2020-01-30 07:07:28
Game version 1.32 / 1.32.1
24:35 long 4on4 ladder game on (8)Deadlock_LV
Saved by LadyRisa
3077 views
Uploaded 2020-01-30 07:07:28
Game version 1.32 / 1.32.1
24:35 long 4on4 ladder game on (8)Deadlock_LV


155 units @ 21.4k
/ 2.6k
75 buildings @ 9.7k
/ 4.2k

| Peon | 7 | 525 | / | 0 |
| Grunt | 5 | 1000 | / | 0 |
| Troll Headhunter | 11 | 1540 | / | 220 |
| total: | 23 | 3065g | / | 220w |
| Watch Tower | 3 | 330 | / | 240 |
| Barracks | 1 | 180 | / | 50 |
| Orc Burrow | 4 | 640 | / | 160 |
| Altar of Storms | 1 | 180 | / | 50 |
| War Mill | 1 | 205 | / | 0 |
| Great Hall | 1 | 385 | / | 185 |
| Tauren Totem | 1 | 135 | / | 155 |
| Stronghold | 1 | 315 | / | 190 |
| Fortress | 1 | 325 | / | 190 |
| total: | 12 | 2055g | / | 840w |
| 0:07 | Barracks |
| 0:12 | Peon |
| 0:12 | Peon |
| 0:13 | Peon |
| 0:13 | Peon |
| 0:59 | Orc Burrow |
| 1:04 | Peon |
| 1:18 | Altar of Storms |
| 1:42 | Orc Burrow |
| 1:52 | Grunt |
| 1:53 | Grunt |
| 2:42 | Orc Burrow |
| 2:47 | Grunt |
| 2:48 | Grunt |
| 2:52 | War Mill |
| 3:20 | Grunt |
| 3:34 | Chain Lighting |
| 4:28 | Troll Headhunter |
| 4:28 | Troll Headhunter |
| 4:29 | Troll Headhunter |
| 5:29 | Stronghold |
| 5:33 | Troll Headhunter |
| 5:33 | Troll Headhunter |
| 5:34 | Troll Headhunter |
| 6:52 | Feral Spirit |
| 7:18 | Troll Headhunter |
| 7:18 | Troll Headhunter |
| 7:18 | Troll Headhunter |
| 7:19 | Steel Ranged Weapons |
| 7:48 | Watch Tower |
| 7:52 | Fortress |
| 8:03 | Steel Armor |
| 8:04 | Troll Regeneration |
| 9:59 | Troll Headhunter |
| 10:00 | Troll Headhunter |
| 10:02 | Thorium Ranged Weapons |
| 10:08 | Tauren Totem |
| 10:38 | Great Hall |
| 10:46 | Feral Spirit |
| 11:09 | Peon |
| 11:09 | Peon |
| 11:16 | Watch Tower |
| 11:19 | Spiked Barricades |
| 11:36 | Watch Tower |
| 11:39 | Orc Burrow |
| Right click | 369 |
| Select | 173 |
| Misc. action | 73 |
| Select group | 62 |
| Build/train/purchase | 45 |
| Minimap ping | 12 |
| Assign group | 9 |
| Use ability | 7 |
| Esc | 3 |
| Remove unit | 2 |


| Scroll of Regeneration | 1 | 100 |
| Lesser Clarity Potion | 3 | 210 |
| Staff of Sanctuary | 1 | 250 |
| Potion of Mana | 1 | 200 |
| Scroll of Town Portal | 1 | 350 |
| Staff of Teleportation | 1 | 150 |
| total: | 8 | 1260g |
| Peasant | 8 | 600 | / | 0 |
| Footman | 9 | 1215 | / | 0 |
| Priest | 4 | 540 | / | 40 |
| Knight | 5 | 1225 | / | 300 |
| Mortar Team | 1 | 180 | / | 70 |
| Flying Machine | 4 | 400 | / | 120 |
| Peon | 3 | 225 | / | 0 |
| total: | 34 | 4385g | / | 530w |
| Altar of Kings | 1 | 180 | / | 50 |
| Farm | 9 | 720 | / | 180 |
| Barracks | 2 | 320 | / | 120 |
| Arcane Vault | 1 | 130 | / | 30 |
| Blacksmith | 1 | 140 | / | 60 |
| Lumber Mill | 1 | 120 | / | 0 |
| Town Hall | 1 | 385 | / | 205 |
| Arcane Sanctum | 1 | 150 | / | 140 |
| Workshop | 3 | 420 | / | 420 |
| Keep | 1 | 320 | / | 210 |
| Castle | 1 | 360 | / | 210 |
| total: | 20 | 2565g | / | 1205w |
| 0:04 | Peasant |
| 0:08 | Altar of Kings |
| 0:12 | Farm |
| 0:15 | Peasant |
| 0:18 | Barracks |
| 0:40 | Peasant |
| 0:55 | Farm |
| 0:57 | Peasant |
| 1:09 | Peasant |
| 1:20 | Footman |
| 1:38 | Peasant |
| 1:41 | Farm |
| 2:01 | Barracks |
| 2:05 | Peasant |
| 2:08 | Footman |
| 2:16 | Holy Light |
| 2:21 | Peasant |
| 2:33 | Footman |
| 2:43 | Arcane Vault |
| 2:58 | Farm |
| 3:03 | Footman |
| 3:47 | Footman |
| 4:03 | Scroll of Regeneration |
| 4:04 | Lesser Clarity Potion |
| 4:19 | Defend |
| 4:20 | Footman |
| 5:22 | Footman |
| 5:26 | Keep |
| 6:32 | Devotion Aura |
| 7:21 | Footman |
| 7:43 | Footman |
| 7:46 | Blacksmith |
| 7:49 | Castle |
| 7:52 | Farm |
| 7:52 | Farm |
| 7:53 | Farm |
| 9:11 | Iron Plating |
| 9:15 | Arcane Sanctum |
| 9:31 | Holy Light |
| 10:20 | Lumber Mill |
| 10:26 | Iron Forged Swords |
| 10:28 | Priest |
| 10:29 | Priest Adept Training |
| 11:02 | Knight |
| 11:09 | Lesser Clarity Potion |
| 11:17 | Staff of Sanctuary |
| 11:21 | Priest |
| 11:35 | Sundering Blades |
| 11:37 | Animal War Training |
| 12:12 | Thunder Clap |
| 12:40 | Knight |
| 13:24 | Knight |
| 14:07 | Knight |
| 14:14 | Staff of Teleportation |
| 14:25 | Scroll of Town Portal |
| 14:42 | Lesser Clarity Potion |
| 15:23 | Workshop |
| 16:32 | Fragmentation Shards |
| 16:32 | Mortar Team |
| 16:35 | Workshop |
| 16:39 | Black Gunpowder |
| 17:10 | Priest Master Training |
| 17:10 | Priest |
| 17:25 | Bash |
| 17:52 | Farm |
| 17:53 | Farm |
| 18:13 | Peon |
| 18:13 | Peon |
| 18:13 | Peon |
| 18:58 | Divine Shield |
| 19:17 | Town Hall |
| 20:23 | Thunder Clap |
| 20:56 | Knight |
| 20:59 | Flying Machine |
| 20:59 | Flying Machine |
| 21:01 | Priest |
| 21:36 | Flying Machine |
| 21:56 | Workshop |
| 22:05 | Flying Machine |
| 22:11 | Flak Cannons |
| 23:28 | Potion of Mana |
| 23:33 | Holy Light |
| Right click | 696 |
| Select | 373 |
| Misc. action | 90 |
| Build/train/purchase | 87 |
| Use ability | 36 |
| Assign group | 6 |
| Select group | 6 |
| Esc | 5 |
| Minimap ping | 5 |
| Chat | 4 |
| Item give/drop | 1 |


| Scroll of Regeneration | 5 | 500 |
| Potion of Healing | 2 | 300 |
| Scroll of Town Portal | 3 | 1050 |
| total: | 10 | 1850g |
| Peasant | 28 | 2100 | / | 0 |
| Footman | 8 | 1080 | / | 0 |
| Rifleman | 12 | 2460 | / | 360 |
| Knight | 14 | 3430 | / | 840 |
| Priest | 5 | 675 | / | 50 |
| total: | 67 | 9745g | / | 1250w |
| Barracks | 2 | 320 | / | 120 |
| Altar of Kings | 1 | 180 | / | 50 |
| Farm | 11 | 880 | / | 220 |
| Arcane Vault | 1 | 130 | / | 30 |
| Lumber Mill | 1 | 120 | / | 0 |
| Blacksmith | 1 | 140 | / | 60 |
| Town Hall | 1 | 385 | / | 205 |
| Arcane Sanctum | 2 | 300 | / | 280 |
| Keep | 1 | 320 | / | 210 |
| Castle | 1 | 360 | / | 210 |
| total: | 20 | 2455g | / | 965w |
| 0:06 | Barracks |
| 0:09 | Altar of Kings |
| 0:15 | Farm |
| 0:16 | Peasant |
| 0:17 | Peasant |
| 0:31 | Peasant |
| 0:54 | Peasant |
| 0:57 | Farm |
| 1:11 | Footman |
| 1:11 | Footman |
| 1:24 | Footman |
| 1:40 | Footman |
| 1:46 | Farm |
| 1:59 | Footman |
| 2:06 | Peasant |
| 2:19 | Peasant |
| 2:27 | Footman |
| 2:41 | Arcane Vault |
| 2:47 | Storm Bolt |
| 3:14 | Footman |
| 3:15 | Footman |
| 3:18 | Peasant |
| 3:18 | Peasant |
| 3:39 | Lumber Mill |
| 4:03 | Farm |
| 4:07 | Keep |
| 4:41 | Blacksmith |
| 5:14 | Thunder Clap |
| 6:30 | Peasant |
| 6:30 | Peasant |
| 6:30 | Peasant |
| 6:31 | Peasant |
| 6:32 | Peasant |
| 7:47 | Peasant |
| 7:47 | Peasant |
| 7:47 | Peasant |
| 7:47 | Peasant |
| 8:10 | Peasant |
| 8:10 | Peasant |
| 8:57 | Bash |
| 10:15 | Flame Strike |
| 10:18 | Castle |
| 10:23 | Rifleman |
| 10:23 | Rifleman |
| 10:24 | Rifleman |
| 10:24 | Rifleman |
| 10:38 | Scroll of Regeneration |
| 11:00 | Rifleman |
| 11:01 | Rifleman |
| 12:05 | Town Hall |
| 12:39 | Scroll of Town Portal |
| 12:40 | Scroll of Town Portal |
| 13:20 | Storm Bolt |
| 13:33 | Knight |
| 13:33 | Knight |
| 13:33 | Knight |
| 13:57 | Scroll of Regeneration |
| 14:03 | Peasant |
| 14:03 | Peasant |
| 14:06 | Barracks |
| 14:14 | Farm |
| 14:38 | Knight |
| 14:53 | Farm |
| 15:12 | Scroll of Regeneration |
| 15:30 | Peasant |
| 15:30 | Peasant |
| 15:30 | Peasant |
| 15:30 | Peasant |
| 15:30 | Peasant |
| 15:30 | Peasant |
| 15:35 | Farm |
| 15:55 | Sundering Blades |
| 15:57 | Animal War Training |
| 16:00 | Iron Forged Swords |
| 16:14 | Farm |
| 16:33 | Knight |
| 16:35 | Knight |
| 16:39 | Siphon Mana |
| 16:48 | Arcane Sanctum |
| 17:20 | Knight |
| 17:22 | Knight |
| 17:35 | Peasant |
| 17:53 | Scroll of Town Portal |
| 17:54 | Scroll of Regeneration |
| 17:58 | Scroll of Regeneration |
| 18:07 | Arcane Sanctum |
| 18:08 | Priest |
| 18:09 | Priest |
| 18:17 | Priest |
| 18:23 | Farm |
| 18:38 | Steel Forged Swords |
| 18:52 | Iron Plating |
| 19:13 | Priest |
| 19:14 | Knight |
| 19:26 | Priest Adept Training |
| 19:28 | Farm |
| 20:16 | Flame Strike |
| 20:51 | Priest |
| 20:53 | Knight |
| 20:54 | Knight |
| 21:01 | Storm Bolt |
| 21:05 | Rifleman |
| 21:05 | Rifleman |
| 21:07 | Long Rifles |
| 21:14 | Farm |
| 21:30 | Rifleman |
| 21:30 | Rifleman |
| 21:31 | Rifleman |
| 21:31 | Rifleman |
| 21:34 | Black Gunpowder |
| 21:36 | Priest Master Training |
| 23:17 | Knight |
| 23:17 | Knight |
| 23:17 | Knight |
| 23:38 | Potion of Healing |
| 23:38 | Potion of Healing |
| Right click | 663 |
| Select | 306 |
| Build/train/purchase | 118 |
| Select group | 94 |
| Use ability | 35 |
| Assign group | 23 |
| Chat | 4 |
| Remove unit | 2 |
| Minimap ping | 1 |

| Scroll of Regeneration | 1 | 100 |
| Lesser Clarity Potion | 1 | 70 |
| Scroll of Healing | 1 | 250 |
| Boots of Speed | 1 | 250 |
| Circlet of Nobility | 1 | 175 |
| Staff of Teleportation | 1 | 150 |
| Potion of Lesser Invulnerability | 1 | 150 |
| total: | 7 | 1145g |
| Peasant | 18 | 1350 | / | 0 |
| Rifleman | 7 | 1435 | / | 210 |
| Knight | 6 | 1470 | / | 360 |
| total: | 31 | 4255g | / | 570w |
| Scout Tower | 4 | 120 | / | 80 |
| Guard Tower | 1 | 70 | / | 50 |
| Arcane Tower | 2 | 140 | / | 100 |
| Farm | 9 | 720 | / | 180 |
| Altar of Kings | 1 | 180 | / | 50 |
| Blacksmith | 1 | 140 | / | 60 |
| Barracks | 3 | 480 | / | 180 |
| Lumber Mill | 1 | 120 | / | 0 |
| Town Hall | 1 | 385 | / | 205 |
| Arcane Sanctum | 3 | 450 | / | 420 |
| Keep | 1 | 320 | / | 210 |
| Castle | 1 | 360 | / | 210 |
| total: | 23 | 2595g | / | 1175w |
| 0:05 | Peasant |
| 0:05 | Peasant |
| 0:05 | Peasant |
| 0:13 | Peasant |
| 0:14 | Peasant |
| 0:14 | Peasant |
| 0:17 | Farm |
| 0:30 | Altar of Kings |
| 0:53 | Peasant |
| 0:58 | Peasant |
| 1:19 | Peasant |
| 1:42 | Peasant |
| 1:51 | Farm |
| 2:02 | Blacksmith |
| 2:18 | Barracks |
| 2:22 | Barracks |
| 2:27 | Farm |
| 2:32 | Peasant |
| 2:32 | Peasant |
| 2:52 | Farm |
| 2:55 | Farm |
| 3:15 | Summon Water Elemental |
| 3:30 | Rifleman |
| 4:14 | Rifleman |
| 4:25 | Boots of Speed |
| 4:50 | Rifleman |
| 5:20 | Rifleman |
| 5:23 | Rifleman |
| 6:32 | Brilliance Aura |
| 6:43 | Keep |
| 6:47 | Farm |
| 7:23 | Summon Water Elemental |
| 7:40 | Rifleman |
| 7:41 | Farm |
| 8:33 | Lumber Mill |
| 9:06 | Castle |
| 9:25 | Town Hall |
| 9:46 | Scout Tower |
| 9:47 | Scout Tower |
| 9:47 | Scout Tower |
| 10:17 | Barracks |
| 10:22 | Arcane Sanctum |
| 10:24 | Arcane Sanctum |
| 10:35 | Arcane Sanctum |
| 10:40 | Improved Lumber Harvesting |
| 10:43 | Guard Tower |
| 11:29 | Rifleman |
| 11:29 | Long Rifles |
| 11:45 | Animal War Training |
| 11:46 | Sundering Blades |
| 11:56 | Farm |
| 12:51 | Knight |
| 12:53 | Peasant |
| 12:53 | Peasant |
| 12:53 | Peasant |
| 12:54 | Peasant |
| 12:55 | Peasant |
| 12:55 | Peasant |
| 12:57 | Advanced Lumber Harvesting |
| 13:23 | Knight |
| 14:03 | Knight |
| 14:08 | Knight |
| 14:54 | Knight |
| 14:56 | Priest Adept Training |
| 15:20 | Knight |
| 15:49 | Circlet of Nobility |
| 15:50 | Staff of Teleportation |
| 15:54 | Brilliance Aura |
| 16:01 | Potion of Lesser Invulnerability |
| 16:12 | Scroll of Healing |
| 17:06 | Scout Tower |
| 18:01 | Arcane Tower |
| 18:07 | Arcane Tower |
| 19:13 | Farm |
| 22:04 | Scroll of Regeneration |
| 23:52 | Lesser Clarity Potion |
| 24:15 | Brilliance Aura |
| Right click | 1329 |
| Select | 214 |
| Build/train/purchase | 99 |
| Select group | 54 |
| Assign group | 12 |
| Item give/drop | 5 |
| Resource trade | 4 |
| Use ability | 2 |
| Minimap ping | 2 |
| Esc | 1 |
138 units @ 20k
/ 3.2k
58 buildings @ 10.3k
/ 4.3k

| Wisp | 13 | 780 | / | 0 |
| Archer | 10 | 1300 | / | 100 |
| total: | 23 | 2080g | / | 100w |
| Altar of Elders | 1 | 180 | / | 50 |
| Moon Well | 4 | 720 | / | 160 |
| Ancient of War | 1 | 150 | / | 60 |
| Ancient of Wonders | 1 | 90 | / | 30 |
| Tree of Life | 1 | 340 | / | 185 |
| Hunter's Hall | 1 | 210 | / | 100 |
| Tree of Ages | 2 | 640 | / | 360 |
| total: | 9 | 1690g | / | 585w |
| 0:03 | Wisp |
| 0:04 | Wisp |
| 0:12 | Altar of Elders |
| 0:16 | Wisp |
| 0:16 | Wisp |
| 0:21 | Moon Well |
| 0:33 | Wisp |
| 0:33 | Wisp |
| 0:56 | Wisp |
| 1:03 | Ancient of War |
| 1:25 | Moon Well |
| 1:29 | Wisp |
| 1:29 | Wisp |
| 1:52 | Wisp |
| 1:52 | Wisp |
| 2:06 | Ancient of Wonders |
| 2:16 | Archer |
| 2:39 | Archer |
| 2:49 | Archer |
| 2:50 | Archer |
| 2:52 | Wisp |
| 2:52 | Wisp |
| 3:09 | Moon Well |
| 3:39 | Archer |
| 3:53 | Tree of Ages |
| 4:10 | Archer |
| 4:10 | Archer |
| 4:22 | Evasion |
| 5:17 | Tree of Life |
| 5:37 | Archer |
| 5:37 | Archer |
| 5:38 | Archer |
| 6:02 | Moon Well |
| 6:34 | Hunter's Hall |
| 7:14 | Mana Burn |
| Right click | 112 |
| Select | 78 |
| Misc. action | 50 |
| Build/train/purchase | 28 |
| Select group | 22 |
| Resource trade | 4 |
| Use ability | 3 |
| Assign group | 2 |


| Rod of Necromancy | 2 | 300 |
| Orb of Corruption | 1 | 375 |
| Scroll of Town Portal | 2 | 700 |
| Scroll of Healing | 2 | 500 |
| Potion of Lesser Invulnerability | 1 | 150 |
| total: | 8 | 2025g |
| Acolyte | 2 | 150 | / | 0 |
| Ghoul | 5 | 600 | / | 0 |
| Crypt Fiend | 13 | 2795 | / | 520 |
| Obsidian Statue | 6 | 1200 | / | 210 |
| Abomination | 1 | 240 | / | 70 |
| Frost Wyrm | 3 | 1155 | / | 360 |
| total: | 30 | 6140g | / | 1160w |
| Nerubian Tower | 2 | 200 | / | 40 |
| Crypt | 1 | 200 | / | 50 |
| Graveyard | 1 | 215 | / | 0 |
| Altar of Darkness | 1 | 180 | / | 50 |
| Ziggurat | 6 | 900 | / | 300 |
| Tomb of Relics | 2 | 260 | / | 60 |
| Slaughterhouse | 1 | 140 | / | 135 |
| Sacrificial Pit | 1 | 75 | / | 150 |
| Boneyard | 1 | 175 | / | 200 |
| Halls of the Dead | 2 | 640 | / | 420 |
| Black Citadel | 1 | 325 | / | 230 |
| total: | 14 | 2145g | / | 945w |
| 0:03 | Acolyte |
| 0:10 | Crypt |
| 0:15 | Graveyard |
| 0:19 | Altar of Darkness |
| 0:40 | Ziggurat |
| 0:51 | Acolyte |
| 1:12 | Ghoul |
| 1:13 | Ghoul |
| 1:38 | Crypt Fiend |
| 1:59 | Ziggurat |
| 2:04 | Tomb of Relics |
| 2:20 | Crypt Fiend |
| 2:20 | Crypt Fiend |
| 2:20 | Crypt Fiend |
| 2:33 | Death Coil |
| 2:53 | Crypt Fiend |
| 3:11 | Rod of Necromancy |
| 3:21 | Ghoul |
| 3:38 | Halls of the Dead |
| 4:00 | Crypt Fiend |
| 4:00 | Crypt Fiend |
| 4:11 | Unholy Aura |
| 4:22 | Ziggurat |
| 4:46 | Creature Attack |
| 5:22 | Crypt Fiend |
| 5:47 | Ziggurat |
| 6:51 | Slaughterhouse |
| 7:26 | Death Coil |
| 7:41 | Crypt Fiend |
| 7:54 | Frost Nova |
| 7:58 | Obsidian Statue |
| 8:02 | Scroll of Town Portal |
| 8:03 | Rod of Necromancy |
| 8:15 | Black Citadel |
| 8:28 | Improved Creature Attack |
| 8:29 | Obsidian Statue |
| 9:55 | Crypt Fiend |
| 10:25 | Dark Ritual |
| 10:37 | Creature Carapace |
| 10:47 | Destroyer Form |
| 10:49 | Advanced Creature Attack |
| 10:53 | Ziggurat |
| 11:15 | Disease Cloud |
| 12:11 | Abomination |
| 12:28 | Death Pact |
| 13:04 | Obsidian Statue |
| 14:27 | Obsidian Statue |
| 14:36 | Improved Creature Carapace |
| 14:38 | Sacrificial Pit |
| 14:51 | Frost Nova |
| 15:25 | Nerubian Tower |
| 15:53 | Boneyard |
| 16:21 | Web |
| 16:29 | Ghoul |
| 16:29 | Ghoul |
| 17:14 | Crypt Fiend |
| 17:16 | Frost Wyrm |
| 17:44 | Crypt Fiend |
| 18:03 | Frost Wyrm |
| 18:06 | Tomb of Relics |
| 18:17 | Ziggurat |
| 19:12 | Scroll of Town Portal |
| 19:12 | Potion of Lesser Invulnerability |
| 19:18 | Scroll of Healing |
| 19:24 | Advanced Creature Carapace |
| 19:48 | Death Coil |
| 20:22 | Crypt Fiend |
| 20:23 | Obsidian Statue |
| 20:34 | Frost Armor |
| 20:35 | Frost Armor |
| 21:06 | Obsidian Statue |
| 21:27 | Frost Wyrm |
| 21:32 | Ghoul Frenzy |
| 22:04 | Frost Nova |
| 22:44 | Orb of Corruption |
| 22:45 | Scroll of Healing |
| 23:02 | Freezing Breath |
| 23:47 | Metamorphosis |
| Select group | 2012 |
| Right click | 1318 |
| Select | 570 |
| Misc. action | 352 |
| Build/train/purchase | 212 |
| Use ability | 61 |
| Assign group | 50 |
| Chat | 17 |
| Minimap ping | 6 |
| Item give/drop | 3 |
| Esc | 2 |
| Remove unit | 1 |
LadyRisa
(3)
(24:34) : 

| Healing Salve | 1 | 100 |
| Lesser Clarity Potion | 3 | 210 |
| Scroll of Speed | 1 | 50 |
| Potion of Healing | 2 | 300 |
| Potion of Mana | 3 | 600 |
| Orb of Lightning | 1 | 375 |
| Scroll of Town Portal | 1 | 350 |
| total: | 12 | 1985g |
| Peon | 17 | 1275 | / | 0 |
| Grunt | 4 | 800 | / | 0 |
| Demolisher | 3 | 660 | / | 150 |
| Raider | 8 | 1440 | / | 320 |
| Wind Rider | 5 | 1325 | / | 200 |
| Troll Batrider | 1 | 160 | / | 40 |
| Huntress | 2 | 390 | / | 40 |
| Wisp | 7 | 420 | / | 0 |
| Glaive Thrower | 1 | 210 | / | 65 |
| Mountain Giant | 1 | 350 | / | 100 |
| total: | 49 | 7030g | / | 915w |
| Altar of Storms | 1 | 180 | / | 50 |
| Orc Burrow | 7 | 1120 | / | 280 |
| Barracks | 1 | 180 | / | 50 |
| Voodoo Lounge | 1 | 130 | / | 30 |
| Great Hall | 2 | 770 | / | 370 |
| War Mill | 1 | 205 | / | 0 |
| Beastiary | 2 | 290 | / | 280 |
| Stronghold | 1 | 315 | / | 190 |
| Fortress | 1 | 325 | / | 190 |
| Ancient Protector | 1 | 135 | / | 80 |
| Ancient of Lore | 1 | 155 | / | 145 |
| total: | 17 | 3165g | / | 1285w |
| 0:04 | Peon |
| 0:04 | Peon |
| 0:18 | Altar of Storms |
| 0:21 | Orc Burrow |
| 0:24 | Peon |
| 0:46 | Barracks |
| 0:53 | Peon |
| 1:06 | Peon |
| 1:11 | Peon |
| 1:27 | Peon |
| 1:40 | Orc Burrow |
| 1:51 | Grunt |
| 1:51 | Grunt |
| 2:06 | Voodoo Lounge |
| 2:27 | Feral Spirit |
| 2:32 | Grunt |
| 3:02 | Stronghold |
| 4:01 | Great Hall |
| 4:09 | Grunt |
| 4:20 | Healing Salve |
| 4:20 | Lesser Clarity Potion |
| 4:21 | Scroll of Speed |
| 4:33 | War Mill |
| 4:58 | Chain Lighting |
| 6:23 | Beastiary |
| 6:27 | Beastiary |
| 6:33 | Scroll of Town Portal |
| 6:34 | Lesser Clarity Potion |
| 6:44 | Steel Melee Weapons |
| 6:46 | Peon |
| 7:07 | Berserker Strength |
| 7:18 | Potion of Healing |
| 7:22 | Serpent Ward |
| 7:40 | Huntress |
| 7:40 | Huntress |
| 7:58 | Ancient of Lore |
| 8:03 | Ancient Protector |
| 8:07 | Wisp |
| 8:07 | Wisp |
| 8:16 | Glaive Thrower |
| 8:33 | Demolisher |
| 8:46 | Strength of the Wild |
| 8:52 | Wisp |
| 8:52 | Wisp |
| 8:52 | Wisp |
| 8:53 | Wisp |
| 8:55 | Wisp |
| 9:37 | Feral Spirit |
| 9:58 | Potion of Mana |
| 9:59 | Potion of Healing |
| 10:32 | Ensnare |
| 10:33 | Raider |
| 10:34 | Raider |
| 10:36 | Orc Burrow |
| 11:08 | Healing Wave |
| 11:26 | Raider |
| 11:29 | Orc Burrow |
| 11:31 | Steel Armor |
| 11:32 | Pillage |
| 11:35 | Peon |
| 11:35 | Peon |
| 11:45 | Peon |
| 11:45 | Peon |
| 12:57 | Raider |
| 13:11 | Raider |
| 13:11 | Wind Rider |
| 13:24 | Chain Lighting |
| 13:51 | Raider |
| 14:04 | Hex |
| 14:13 | Raider |
| 14:28 | Raider |
| 14:41 | Mountain Giant |
| 15:13 | Thorium Melee Weapons |
| 15:14 | Thorium Armor |
| 15:15 | Orc Burrow |
| 16:46 | Reinforced Defenses |
| 17:53 | Orc Burrow |
| 19:08 | Wind Rider |
| 19:08 | Wind Rider |
| 19:13 | Demolisher |
| 19:13 | Demolisher |
| 19:29 | Fortress |
| 19:30 | Steel Ranged Weapons |
| 20:16 | Wind Rider |
| 21:02 | Wind Rider |
| 21:15 | Peon |
| 21:15 | Peon |
| 21:15 | Peon |
| 21:15 | Peon |
| 21:15 | Peon |
| 21:39 | Feral Spirit |
| 22:12 | Orb of Lightning |
| 22:13 | Potion of Mana |
| 22:14 | Potion of Mana |
| 22:14 | Lesser Clarity Potion |
| 22:30 | Orc Burrow |
| 23:17 | Great Hall |
| 23:31 | Thorium Ranged Weapons |
| 23:31 | Arcanite Ranged Weapons |
| 24:03 | Troll Batrider |
| Right click | 504 |
| Select group | 340 |
| Select | 290 |
| Build/train/purchase | 116 |
| Use ability | 74 |
| Assign group | 50 |
| Resource trade | 47 |
| Misc. action | 11 |
| Item give/drop | 2 |
| Minimap ping | 2 |


| Potion of Healing | 1 | 150 |
| Orb of Venom | 1 | 325 |
| Scroll of Town Portal | 1 | 350 |
| Staff of Teleportation | 1 | 150 |
| Circlet of Nobility | 1 | 175 |
| total: | 5 | 1150g |
| Wisp | 17 | 1020 | / | 0 |
| Archer | 5 | 650 | / | 50 |
| Huntress | 1 | 195 | / | 20 |
| Dryad | 6 | 870 | / | 360 |
| Mountain Giant | 2 | 700 | / | 200 |
| Druid of the Claw | 5 | 1275 | / | 400 |
| total: | 36 | 4710g | / | 1030w |
| Ancient Protector | 5 | 675 | / | 400 |
| Altar of Elders | 1 | 180 | / | 50 |
| Moon Well | 6 | 1080 | / | 240 |
| Ancient of War | 1 | 150 | / | 60 |
| Hunter's Hall | 1 | 210 | / | 100 |
| Tree of Life | 2 | 680 | / | 370 |
| Ancient of Lore | 2 | 310 | / | 290 |
| Tree of Ages | 2 | 640 | / | 360 |
| Tree of Eternity | 4 | 1320 | / | 800 |
| total: | 18 | 3285g | / | 1510w |
| 0:03 | Wisp |
| 0:03 | Wisp |
| 0:07 | Altar of Elders |
| 0:18 | Moon Well |
| 0:32 | Wisp |
| 0:32 | Wisp |
| 0:43 | Ancient of War |
| 0:54 | Wisp |
| 0:54 | Wisp |
| 0:54 | Wisp |
| 1:04 | Wisp |
| 1:05 | Wisp |
| 1:31 | Moon Well |
| 1:45 | Archer |
| 2:20 | Mana Burn |
| 2:36 | Archer |
| 2:38 | Tree of Ages |
| 2:54 | Moon Well |
| 2:58 | Archer |
| 3:48 | Archer |
| 4:02 | Staff of Teleportation |
| 4:04 | Circlet of Nobility |
| 4:11 | Archer |
| 4:26 | Hunter's Hall |
| 5:26 | Tree of Eternity |
| 5:30 | Ultravision |
| 6:34 | Evasion |
| 7:15 | Tree of Life |
| 8:21 | Ancient of Lore |
| 8:40 | Potion of Healing |
| 8:55 | Huntress |
| 9:42 | Dryad |
| 10:10 | Dryad |
| 10:17 | Abolish Magic |
| 10:46 | Tree of Eternity |
| 10:50 | Moon Well |
| 11:15 | Mountain Giant |
| 11:20 | Dryad |
| 11:22 | Mountain Giant |
| 11:47 | Reinforced Hides |
| 12:35 | Mana Burn |
| 13:17 | Hardened Skin |
| 13:17 | Resistant Skin |
| 13:24 | Trueshot Aura |
| 14:07 | Dryad |
| 14:27 | Tree of Life |
| 14:30 | Moon Well |
| 14:31 | Strength of the Wild |
| 14:32 | Improved Reinforced Hides |
| 14:32 | Well Spring |
| 14:34 | Moon Well |
| 14:49 | Searing Arrows |
| 15:33 | Dryad |
| 16:02 | Druid of the Claw Adept Training |
| 16:03 | Druid of the Claw |
| 16:31 | Wisp |
| 16:31 | Wisp |
| 16:31 | Wisp |
| 16:32 | Wisp |
| 16:32 | Wisp |
| 16:52 | Improved Strength of the Wild |
| 16:55 | Druid of the Claw Master Training |
| 16:56 | Druid of the Claw |
| 17:02 | Evasion |
| 18:06 | Mark of the Claw |
| 18:07 | Druid of the Claw |
| 18:08 | Advanced Reinforced Hides |
| 18:36 | Nature's Blessing |
| 18:41 | Scroll of Town Portal |
| 18:56 | Trueshot Aura |
| 19:36 | Wisp |
| 19:36 | Wisp |
| 19:36 | Wisp |
| 19:40 | Ancient Protector |
| 19:41 | Ancient Protector |
| 20:32 | Ancient of Lore |
| 20:51 | Orb of Venom |
| 21:02 | Ancient Protector |
| 21:40 | Druid of the Claw |
| 21:44 | Ancient Protector |
| 21:47 | Ancient Protector |
| 21:58 | Mana Burn |
| 22:09 | Backpack |
| 23:30 | Searing Arrows |
| 23:36 | Druid of the Claw |
| 23:48 | Trueshot Aura |
| 24:27 | Dryad |
| Select group | 2113 |
| Right click | 1635 |
| Select | 497 |
| Misc. action | 150 |
| Use ability | 146 |
| Build/train/purchase | 135 |
| Assign group | 44 |
| Chat | 15 |
| Remove unit | 8 |
| Esc | 4 |
| Resource trade | 4 |
⇛